 Dungeon Crawl Stone Soup version 0.31.0-11-ge490571c62 (webtiles) character file.

Game seed: 12840932345994327273

158 qw the Shooter (level 5, -9/27 HPs)
             Began as a Spriggan Hunter on Feb 3, 2024.
             Killed from afar by an acid dragon (31 damage)
             ... with a splash of acid
             ... on level 4 of the Dungeon.
             The game lasted 00:00:08 (2538 turns).

qw the Shooter (Spriggan Hunter)                    Turns: 2538, Time: 00:00:09

Health: -9/27      AC:  4    Str:  7    XL:     5   Next: 16%
Magic:  6/6        EV: 20    Int: 10    God:
Gold:   189        SH:  0    Dex: 21    Spells: 4/4 levels left

rFire   . . .        a - +0 shortbow
rCold   + . .        (shield currently unavailable)
rNeg    . . .        c - +0 robe
rPois   .            (helmet restricted)
rElec   .            i - +1 cloak
rCorr   .            (gloves unavailable)
SInv    +            (boots unavailable)
Will    .....        (no amulet)
Stlth   ++           j - ring of protection from cold
HPRegen 0.24/turn    (no ring)
MPRegen 0.10/turn

%: no passive effects
@: hasted, very quick
A: very small, no large weapons, unfitting armour, see invisible, speed 3
a: no special abilities


You were on level 4 of the Dungeon.
You visited 1 branch of the dungeon, and saw 4 of its levels.

You collected 189 gold pieces.


Innate Abilities, Weirdness & Mutations

You are very small and have problems with some larger weapons.
You are too small for most types of armour.
You have supernaturally acute eyesight. (SInv)
You cover ground extremely quickly. (Speed+++)


   Skills:
 - Level 2.5 Fighting
 + Level 5.0 Ranged Weapons
 - Level 5.0 Dodging
 - Level 1.5 Stealth


You had 4 spell levels left.
You didn't know any spells.
Your spell library was empty.

Inventory:

Hand Weapons
 a - a +0 shortbow (weapon)
Armour
 c - a +0 robe (worn)
 i - a +1 cloak (worn)
Jewellery
 j - a ring of protection from cold (left hand)
Wands
 e - a wand of roots (11)
Scrolls
 l - a scroll of identify
Potions
 b - a potion of haste
 d - a potion of heal wounds {unknown}
 f - a potion of enlightenment
 g - a potion of curing
 h - a potion of resistance {unknown}
 k - a potion of might {unknown}
 m - 2 potions of mutation {unknown}

Dungeon Overview and Level Annotations

Branches:
Dungeon (4/15)
 Temple: D:4-7

Altars:

Annotations:
D:3 1 runed translucent door, Crazy Yiuf


Message History

You kill the ball python!
Found 7 stones.
You see here 7 stones.
A scorpion comes into view.
2521 ||| DRINKING 2 potions of haste.
You feel yourself speed up.
You shoot an arrow. The arrow hits the scorpion.
The scorpion is moderately wounded.
You shoot an arrow.
The arrow hits the scorpion but does no damage.
The scorpion is moderately wounded.
You shoot an arrow. The arrow closely misses the scorpion.
You shoot an arrow. The arrow hits the scorpion.
The scorpion is heavily wounded.
You shoot an arrow. The arrow hits the scorpion.
The scorpion is severely wounded.
You shoot an arrow. The arrow barely misses the scorpion.
The scorpion stings you.
You shoot an arrow. The arrow closely misses the scorpion.
The scorpion misses you.
You shoot an arrow. The arrow hits the scorpion.
The scorpion is severely wounded.
The scorpion stings you but does no damage.
You shoot an arrow. The arrow hits the scorpion.
You kill the scorpion!
Your Fighting skill increases to level 2!
You have reached level 5!
You feel agile.
You start resting.
An acid dragon comes into view.
You shoot an arrow. The acid dragon roars!
The arrow hits the acid dragon!
The acid dragon is moderately wounded.
You shoot an arrow. The arrow hits the acid dragon.
The acid dragon is moderately wounded.
You shoot an arrow.
The arrow closely misses the acid dragon.
The acid dragon spits acid at you. The splash of acid hits you!!
Ouch! That really hurt!
You die...

). #.. #.###
### #.#
#####...#####
.#
#............
#
#..#.##.##.##
#.#### ## #
####..#
#...(##
###.##..#
#...@%.##
#.......#
#...........
#.....######
#....D#
#...#..
#.#..?.. ..#.
.##


You could see an acid dragon (catching breath).

Vanquished Creatures
  A scorpion (D:4)
  3 adders
  3 dart slugs
  3 orcs (D:3)
  13 ball pythons
  4 endoplasms
  A giant cockroach (D:1)
  8 goblins
  3 hobgoblins
  4 kobolds
  5 quokkas
  9 bats
  A frilled lizard (D:1)
  9 rats
67 creatures vanquished.

Notes
Turn   | Place    | Note
-------+----------+-------------------------------------------
     0 | D:1      | qw the Spriggan Hunter began the quest for the Orb.
     0 | D:1      | Reached XP level 1. HP: 10/10 MP: 2/2
     0 | D:1      | 0 ||| qw: Version: 0.3-a-157-g843a77d
     0 | D:1      | 0 ||| qw: Game counter: 3666
     0 | D:1      | 0 ||| qw: Melee chars always use a shield: true
     0 | D:1      | 0 ||| qw: God list: Okawaru
     0 | D:1      | 0 ||| qw: Allow faded altars: false
     0 | D:1      | 0 ||| qw: Do Orc after clearing Dungeon:15 true
     0 | D:1      | 0 ||| qw: Do second Lair branch before Depths: true
     0 | D:1      | 0 ||| qw: Lair rune preference: random
     0 | D:1      | 0 ||| qw: Goals: Normal
     0 | D:1      | 0 ||| PLANNING D:1-11
    81 | D:1      | Reached skill level 3 in Dodging
    84 | D:1      | Found a faded altar of an unknown god.
   118 | D:1      | Reached XP level 2. HP: 14/14 MP: 3/3
   137 | D:1      | 137 ||| DROPPING scroll of butterflies.
   397 | D:1      | Reached XP level 3. HP: 18/18 MP: 4/4
   507 | D:1      | 507 ||| READING 3 scrolls labelled HEDITWOILU.
   507 | D:1      | 507 ||| IDENTIFYING smoky inky potion
   508 | D:1      | 508 ||| READING 2 scrolls of identify.
   508 | D:1      | 508 ||| IDENTIFYING pink potion
   509 | D:1      | 509 ||| READING scroll of identify.
   509 | D:1      | 509 ||| IDENTIFYING fizzy sapphire potion
   510 | D:1      | 510 ||| DROPPING potion of degeneration.
   754 | D:2      | HP: 4/18 [poisoned by an adder]
   756 | D:2      | 756 ||| DRINKING potion of curing.
   756 | D:2      | 756 ||| (to cure poison)
  1205 | D:2      | 1205 ||| UPGRADING to +0 cloak.
  1210 | D:2      | 1210 ||| UPGRADING to ring of protection from cold.
  1211 | D:2      | 1211 ||| READING scroll of identify.
  1211 | D:2      | 1211 ||| IDENTIFYING coppery potion
  1212 | D:2      | 1212 ||| READING 2 scrolls labelled OBBECZ FYENGEIPH.
  1213 | D:2      | 1213 ||| READING scroll labelled IGUSTR CATI.
  1214 | D:2      | 1214 ||| READING scroll labelled QIXEIR UDEDDO.
  1214 | D:2      | 1214 ||| ENCHANTING +0 cloak.
  1215 | D:2      | 1215 ||| READING scroll labelled HIZATSASHROF.
  1216 | D:2      | 1216 ||| DRINKING 2 murky purple potions.
  1217 | D:2      | 1217 ||| DROPPING scroll of noise.
  1218 | D:2      | 1218 ||| DROPPING potion of brilliance.
  1220 | D:2      | 1220 ||| Stepping ~*~*~tactically~*~*~ (cloud).
  1225 | D:2      | HP: 4/18 [poisoned by you (poison gas)]
  1229 | D:2      | HP: 1/18 [poisoned by you (poison gas)]
  1401 | D:3      | Reached XP level 4. HP: 22/22 MP: 5/5
  1971 | D:3      | Found a runed translucent door.
  1972 | D:3      | Noticed Crazy Yiuf
  2520 | D:4      | Noticed a scorpion
  2521 | D:4      | 2521 ||| DRINKING 2 potions of haste.
  2530 | D:4      | Killed a scorpion
  2531 | D:4      | Reached XP level 5. HP: 20/27 MP: 6/6
  2535 | D:4      | Noticed an acid dragon
  2538 | D:4      | Killed from afar by an acid dragon

Levels and vault maps discovered:
D:1:      onia_arrival_mini_maze, layout_rooms, basic_ecumenical_altar,
          nicolae_the_louvre
D:2:      layout_basic, st_stairs_2
D:3:      minmay_door_path, layout_basic, uniq_crazy_yiuf_cottage
D:4:      layout_loops_ring, grunt_dithmenos_smoke,
          gammafunk_temple_overflow_statue, minmay_manual_macuahuitl

Skill      XL: |  1  2  3  4 |
---------------+-------------+-----
Dodging        | 3 4 5 |  5.0
Ranged Weapons | 5 |  5.0
Fighting       | 2 |  2.5
Stealth        | |  1.5

Action                     |  1- 3 |  4- 6 || total
---------------------------+-------+-------++-------
   Fire: Shortbow          |   119 |    62 ||   181
    Use: Scroll            |     8 |       ||     8
         Potion            |     2 |     1 ||     3
 Armour: Robe              |    10 |     6 ||    16
  Dodge: Dodged            |    35 |    12 ||    47

Table legend:
 A = Non-vault XP
 B = Vault XP
 C = Vault XP percentage of total XP
 D = Non-vault monster count
 E = Vault monster count
 F = Vault count percentage of total count
                 A         B        C        D         E       F
            +---------+---------+-------+---------+---------+-------
      Total |     220 |       7 |   3.1 |      62 |       5 |   7.5
            +---------+---------+-------+---------+---------+-------
        D:1 |      50 |       2 |   3.8 |      27 |       2 |   6.9
        D:2 |      36 |       4 |  10.0 |       9 |       2 |  18.2
        D:3 |      40 |       1 |   2.4 |      17 |       1 |   5.6
        D:4 |      94 |       0 |   0.0 |       9 |       0 |   0.0
            +---------+---------+-------+---------+---------+-------
